 Dungeon Crawl Stone Soup version 0.30.1-9-gdf580d7c3d (webtiles) character file.

Game seed: 13362523218922115543

15001 Wiggles the Severer (level 11, -19/104 HPs)
             Began as a Minotaur Berserker on Oct 2, 2023.
             Was a High Priest of Trog.
             Demolished by a titanic slime creature (77 damage)
             ... on level 12 of the Dungeon.
             The game lasted 00:17:44 (10616 turns).

Wiggles the Severer (Minotaur Berserker)           Turns: 10616, Time: 00:17:45

Health: -19/104    AC: 25    Str: 27    XL:     11   Next: 96%
Magic:  10/10      EV:  9    Int:  4    God:    Trog [*****.]
Gold:   825        SH:  0    Dex:  9    Spells: 10/10 levels left

rFire   . . .        m - +9 battleaxe
rCold   + . .        (shield currently unavailable)
rNeg    . . .        K - +2 plate armour {rC+}
rPois   +            (helmet restricted)
rElec   .            b - scarf {+Inv}
rCorr   +            k - +2 pair of gloves
SInv    .            i - +2 pair of boots
Will    .....        (no amulet) Stlth
                     o - ring of resist corrosion
HPRegen 0.37/turn    v - ring of poison resistance
MPRegen 0.12/turn

%: no passive effects
@: no status effects
A: horns 2, retaliatory headbutt
a: Renounce Religion, Evoke Invisibility, Berserk, Trog's Hand, Brothers in Arms


You were on level 12 of the Dungeon.
You worshipped Trog.
Trog was extremely pleased with you.
You visited 1 branch of the dungeon, and saw 12 of its levels.
You also visited: Sewer and Bailey.

You collected 930 gold pieces.
You spent 105 gold pieces at shops.

Inventory:

Hand Weapons
 m - a +9 battleaxe (weapon)
Missiles
 y - a throwing net (quivered)
Armour
 a - the +1 pair of boots of Time Monsters {rF++}
   (You found it on level 3 of the Dungeon)

   rF:        It greatly protects you from fire.
 b - a scarf of invisibility (worn)
 i - a +2 pair of boots (worn)
 k - a +2 pair of gloves (worn)
 K - a +2 plate armour of cold resistance (worn)
Jewellery
 o - a ring of resist corrosion (left hand)
 v - a ring of poison resistance (right hand)
Wands
 w - a wand of iceblast (7)
 A - a wand of digging (5)
 F - a wand of paralysis (24)
 G - a wand of flame (31)
 J - a wand of polymorph (4)
Scrolls
 j - 2 scrolls of fog
 n - 2 scrolls of fear
 q - 4 scrolls of poison
 r - 9 scrolls of teleportation
 z - 5 scrolls of identify
Potions
 d - 9 potions of curing
 f - a potion of berserk rage
 g - 4 potions of lignification
 s - a potion of haste
 t - 2 potions of invisibility
 x - a potion of cancellation
 B - a potion of flight
 D - 5 potions of might
 E - 4 potions of mutation
 I - a potion of resistance


   Skills:
 + Level 11.9 Fighting
 + Level 15.0 Axes
 + Level 12.8 Armour
 + Level 4.5 Dodging
 + Level 3.2 Stealth


You had 10 spell levels left.
You didn't know any spells.
Your spell library was empty.

Dungeon Overview and Level Annotations

Branches:
Dungeon (12/15)            Temple (0/1) D:4            Lair (0/5) D:11
    Orc (0/2) D:10          Sewer (visited)          Bailey (visited)

Altars:
Dithmenos

Shops:
D:3 (   D:11 ?

Portals:
Trove: D:10 (give +6 demon trident)


Innate Abilities, Weirdness & Mutations

You have a pair of horns on your head.
You reflexively headbutt those who attack you in melee.


Message History

Two slime creatures merge to form a large slime creature.
You slice the slime creature!! You headbutt the slime creature!
The slime creature is severely wounded.
The slime creature hits you but does no damage.
You slice the slime creature!!
You kill the slime creature!
Trog accepts your kill.
Your Axes skill increases to level 15!
A slime creature comes into view.
The large slime creature hits you but does no damage.
You slash the large slime creature! You headbutt the large slime creature!
The large slime creature is lightly wounded.
Two slime creatures merge to form a very large slime creature.
You barely miss the very large slime creature.
The very large slime creature is lightly wounded.
A slime creature comes into view.
The very large slime creature hits you!!
The slime creature quivers.
You are too injured to fight recklessly!
You are too injured to fight recklessly!
You are too injured to fight recklessly!
You slice the very large slime creature!!
The very large slime creature is moderately wounded.
Two slime creatures merge to form an enormous slime creature.
A slime creature comes into view.
You slice the enormous slime creature!!
You headbutt the enormous slime creature.
The enormous slime creature is moderately wounded.
Two slime creatures merge to form a titanic slime creature.
You open the titanic slime creature like a pillowcase!!!
The titanic slime creature is moderately wounded.
The titanic slime creature hits you but does no damage.
You slice the titanic slime creature!!
The titanic slime creature is heavily wounded.
The titanic slime creature hits you!!
You slash the titanic slime creature!
The titanic slime creature is heavily wounded.
The titanic slime creature hits you!!!!
Ouch! That really hurt!
You die...

#####...##.# ###
#..........#######
..###............#
.......)########.#
#####.....#
#.###.######.
#####. #........
......###?#######
##.J@..# #.##### #


You could see a titanic slime creature.

Vanquished Creatures
  A boulder beetle (D:11)
  2 two-headed ogres
  A fire crab (shapeshifter) (D:11)
  3 orc knights (Bailey)
  A cyclops (D:12)
  An ugly thing (D:12)
  A manticore (D:12)
  2 gargoyles
  A rime drake (D:11)
  A komodo dragon (D:7)
  A troll (D:12)
  A hornet (D:7)
  A shadow (D:10)
  A slime creature (D:12)
  A vampire (D:12)
  A wraith (D:11)
  A wyvern (D:11)
  9 yaks
  3 steam dragons
  A vampire mosquito (D:7)
  3 acid dragons
  2 water moccasins
  3 orc warriors
  4 sky beasts
  Duvessa (D:6)
  5 ice beasts
  An ogre (D:4)
  3 black bears
  A centaur (D:9)
  3 wolves (D:11)
  3 phantoms
  2 bullfrogs
  2 kobold brigands
  A gnoll sergeant (D:8)
  2 scorpions
  12 wights
  Dowan (D:6)
  6 killer bees
  3 howler monkeys
  3 hounds
  5 orc priests
  A jelly (D:6)
  4 gnoll boudas
  2 iguanas
  2 sleepcaps
  7 orc wizards
  6 ogre zombies (D:10)
  23 gnolls
  11 adders
  A shadow imp (D:6)
  2 white imps
  3 ufetubi
  A worm (D:5)
  2 dart slugs
  21 orcs
  12 ball pythons
  7 bats
  10 endoplasms
  6 giant cockroaches
  6 goblins
  4 hobgoblins
  4 jackals (D:3)
  3 quokkas
  3 frilled lizards
  A goblin zombie (D:10)
  A hobgoblin skeleton (D:10)
  2 hobgoblin zombies (D:10)
  19 kobolds
  4 orc skeletons (D:10)
  7 orc zombies (D:10)
  9 rats
284 creatures vanquished.

Vanquished Creatures (collateral kills)
  Sonja (D:10)
  A shadow (D:10)
  A two-headed ogre zombie (D:10)
  A phantom (D:10)
  An ogre zombie (D:10)
  A goblin skeleton (D:10)
  2 goblin zombies (D:10)
  A hobgoblin skeleton (D:10)
  A hobgoblin zombie (D:10)
  An orc skeleton (D:10)
  4 orc zombies (D:10)
15 creatures vanquished.

Grand Total: 299 creatures vanquished

Notes
Turn   | Place    | Note
-------+----------+-------------------------------------------
     0 | D:1      | Wiggles the Minotaur Berserker began the quest for the Orb.
     0 | D:1      | Reached XP level 1. HP: 19/19 MP: 0/0
    80 | D:1      | Reached XP level 2. HP: 27/27 MP: 1/1
    89 | D:1      | Reached skill level 4 in Axes
   532 | D:1      | Reached ** piety under Trog
   533 | D:1      | Reached XP level 3. HP: 27/33 MP: 2/2
   617 | D:1      | Found a faded altar of an unknown god.
  1106 | D:2      | Reached XP level 4. HP: 41/41 MP: 3/3
  1938 | D:3      | Reached skill level 5 in Axes
  1947 | D:3      | Reached XP level 5. HP: 20/47 MP: 4/4
  2132 | D:3      | Found Giegiase's Antique Weapon Emporium.
  2133 | D:3      | Identified the +6 falchion "Boutuyl" {freeze, Dex+3}
  2138 | D:3      | Identified the +1 pair of boots of Time Monsters {rF++}
  2549 | D:3      | Reached skill level 5 in Fighting
  2629 | D:4      | Noticed an ogre
  2634 | D:4      | Killed an ogre
  2635 | D:4      | Reached XP level 6. HP: 56/56 MP: 5/5
  2668 | D:4      | Found a staircase to the Ecumenical Temple.
  2811 | D:4      | Reached skill level 1 in Stealth
  3048 | D:4      | Reached *** piety under Trog
  3049 | D:4      | Reached skill level 6 in Axes
  3351 | D:5      | Entered Level 5 of the Dungeon
  3351 | D:5      | Noticed an ice beast
  3362 | D:5      | Killed an ice beast
  3363 | D:5      | Reached XP level 7. HP: 57/61 MP: 6/6
  3531 | D:5      | Reached skill level 7 in Axes
  3531 | D:5      | Reached skill level 5 in Armour
  3768 | D:5      | Found a glowing drain.
  3787 | Sewer    | Entered a sewer
  4194 | D:5      | Reached skill level 8 in Axes
  4203 | D:5      | Reached XP level 8. HP: 71/71 MP: 7/7
  4496 | D:6      | Reached skill level 9 in Axes
  4524 | D:6      | Reached **** piety under Trog
  4567 | D:6      | Noticed Duvessa
  4568 | D:6      | Noticed Dowan
  4578 | D:6      | Killed Duvessa
  4586 | D:6      | Killed Dowan
  4771 | D:6      | Reached skill level 10 in Axes
  4778 | D:6      | Reached XP level 9. HP: 38/79 MP: 8/8
  4789 | D:6      | Reached skill level 11 in Axes
  5231 | D:7      | Noticed a komodo dragon
  5242 | D:7      | Killed a komodo dragon
  5444 | D:7      | Reached skill level 12 in Axes
  5524 | D:7      | Identified the +3 hand axe of the Desolation of Salt
                  | {spect, rPois rF- SInv}
  5730 | D:7      | Found a shadowy altar of Dithmenos.
  5888 | D:7      | Reached XP level 10. HP: 72/90 MP: 9/9
  5892 | D:7      | Reached skill level 13 in Axes
  6075 | D:8      | Reached ***** piety under Trog
  7585 | D:9      | Found a flagged portal.
  7585 | D:9      | Noticed a two-headed ogre
  7589 | D:9      | Killed a two-headed ogre
  7592 | D:9      | Reached skill level 10 in Fighting
  7622 | Bailey   | Entered a bailey
  7720 | Bailey   | Noticed an orc knight
  7720 | Bailey   | Noticed an orc knight
  7741 | Bailey   | Killed an orc knight
  7742 | Bailey   | Reached skill level 10 in Armour
  7751 | Bailey   | HP: 2/139 [orc warrior/+0 halberd (13)]
  7753 | Bailey   | Killed an orc knight
  7933 | Bailey   | Identified the +0 helmet of the Constellations {Fly Dex+3
                  | Stlth+}
  7959 | Bailey   | Noticed an orc knight
  7973 | Bailey   | Killed an orc knight
  7974 | Bailey   | Reached skill level 14 in Axes
  7974 | Bailey   | Reached XP level 11. HP: 96/101 MP: 10/10
  8408 | D:10     | Entered Level 10 of the Dungeon
  8504 | D:10     | You fall into a shaft and drop 1 floor!
  8522 | D:11     | Noticed a two-headed ogre
  8528 | D:11     | Killed a two-headed ogre
  8570 | D:10     | Found a staircase to the Orcish Mines.
  8803 | D:10     | Found a portal to a secret trove of treasure.
  8919 | D:10     | Noticed Sonja
  8946 | D:10     | Killed Sonja
  9380 | D:11     | Found a staircase to the Lair.
  9579 | D:11     | Found Godut's Magic Scroll Boutique.
  9587 | D:11     | Bought a scroll of enchant weapon for 105 gold pieces
  9902 | D:11     | Noticed a boulder beetle
  9910 | D:11     | a komodo dragon changed into a fire crab
  9910 | D:11     | Noticed a fire crab (shapeshifter)
  9914 | D:11     | Killed a fire crab
  9937 | D:11     | Killed a boulder beetle
 10357 | D:12     | Noticed a cyan ugly thing
 10362 | D:12     | Killed a cyan ugly thing
 10609 | D:12     | Reached skill level 15 in Axes
 10616 | D:12     | Demolished by a titanic slime creature

Illustrated notes

Levels and vault maps discovered:
D:1:      kennysheep_arrival_seaside, layout_loops_ring,
          chequers_ecumenical_altar_grove
D:2:      layout_loops_corners, kennysheep_generic_room_14
D:3:      layout_basic, serial_shops, nicolae_shop_advertising_works
          [nicolae_subvault_shop_adworks]
D:4:      layout_cave_pods, minmay_temple_entry_arrows
D:5:      layout_basic, cheibrodos_sewer_entry_drain
D:6:      layout_rooms, uniq_duvessa
D:7:      minmay_opposing_rooms, layout_cave_pools,
          mainiacjoe_overflow_brackets, hangedman_abyss_or_decor_stabs
D:8:      layout_basic
D:9:      layout_basic, enter_bailey_7, grunt_decor_mini_mirrors,
          mrwooster_statue_mirror, minmay_misc_feat_enclosed
D:10:     layout_roguey, zombieorc2_lemuel, nicolae_trove_entry_isolated,
          uniq_sonja
D:11:     layout_stronghold, hellmonk_lair_entry_icy, serial_shops, shop,
          ebering_dispersal_statue_hall
D:12:     layout_loops_ring

Skill      XL: |  1  2  3  4  5  6  7  8  9 10 11 |
---------------+----------------------------------+-----
Axes           | 4 5 6 8 10 12 14 15 | 15.0
Fighting       | 4 5 6 7 8 10 11 | 11.9
Dodging        | 3 4 |  4.5
Armour         | 3 4 5 6 8 10 12 | 12.8
Stealth        | 1 2 3 |  3.2

Action                     |  1- 3 |  4- 6 |  7- 9 | 10-12 || total
---------------------------+-------+-------+-------+-------++-------
  Melee: Hand axe          |    70 |    28 |    25 |   264 ||   387
         Headbutt          |     7 |    14 |    40 |    71 ||   132
         War axe           |       |    67 |   210 |       ||   277
         Punch             |       |     1 |     2 |     2 ||     5
         Battleaxe         |       |       |       |    26 ||    26
 Invoke: Berserk           |       |     2 |     3 |     3 ||     8
         Brothers in Arms  |       |       |       |     5 ||     5
    Use: Scroll            |       |       |    18 |    18 ||    36
         Potion            |       |       |       |     4 ||     4
   Stab: Distracted        |       |       |       |     5 ||     5
 Armour: Animal skin       |     7 |       |       |       ||     7
         Scale mail        |     6 |    32 |       |       ||    38
         Plate armour      |       |    17 |   154 |   130 ||   301
  Dodge: Dodged            |    43 |    65 |    88 |    97 ||   293
